 Dungeon Crawl Stone Soup version 0.30-a0-782-ge64f9170bb (webtiles) character file.

Game seed: 12927527264951337600

595 Flugslaktarn the Chopper (level 7, -6/55 HPs)
             Began as a Demonspawn Fighter on Mar 7, 2023.
             Was an Initiate of Gozag.
             Mangled by Pikel
             ... wielding a +0 whip of flaming
              (8 damage)
             ... on level 4 of the Dungeon.
             The game lasted 00:01:48 (3191 turns).

Flugslaktarn the Chopper (Demonspawn Fighter)       Turns: 3191, Time: 00:01:48

Health: -6/55      AC: 10    Str: 18    XL:     7   Next: 17%
Magic:  7/7        EV:  6    Int: 11    God:    Gozag
Gold:   129        SH:  4    Dex: 13    Spells: 6/6 levels left

rFire   . . .      SeeInvis .    a - +0 war axe
rCold   . . .      Faith    .    c - +0 buckler
rNeg    . . .      Spirit   .    g - +0 chain mail
rPois   .          Reflect  .    k - +0 helmet
rElec   .          Harm     .    (no cloak)
rCorr   .          Rampage  .    (no gloves)
Will    .....                    (no boots) Stlth
                                 (no amulet)
HPRegen 0.29/turn                (no ring)
MPRegen 0.10/turn                (no ring)

@: no status effects
A: spiny 1, big brain 1, demonic magic 1
a: Renounce Religion, Potion Petition, Call Merchant, Bribe Branch


You were on level 4 of the Dungeon.
You worshipped Gozag.
Gozag was aware of your devotion.
You visited 2 branches of the dungeon, and saw 6 of its levels.

You collected 251 gold pieces.
You spent 42 gold pieces at shops.
You paid 80 gold pieces to Gozag.

Inventory:

Hand Weapons
 a - a +0 war axe (weapon)
Armour
 b - a +0 scale mail
 c - a +0 buckler (worn)
 g - a +0 chain mail (worn)
   (You found it on level 2 of the Dungeon)
 k - a +0 helmet (worn)
   (You found it on level 2 of the Dungeon)
Scrolls
 f - 2 scrolls of enchant weapon {unknown}
 h - a scroll of torment {unknown}
 i - 5 scrolls of identify {unknown}
 m - 3 scrolls of fog {unknown}
 n - a scroll of poison {unknown}
 p - 2 scrolls of teleportation {unknown}
 r - a scroll of immolation {unknown}
Potions
 d - 3 potions of might
 e - a potion of mutation {unknown}
 j - a potion of cancellation {unknown}
 l - 2 potions of heal wounds {unknown}
 o - a potion of haste {unknown}


   Skills:
 + Level 4.8 Fighting
 * Level 5.2 Axes
 + Level 4.3 Armour
 - Level 2.6 Shields


You had 6 spell levels left.
You didn't know any spells.
Your spell library was empty.

Dungeon Overview and Level Annotations

Branches:
Dungeon (5/15)             Temple (1/1) D:4

Altars:
Ashenzari
Cheibriados
Dithmenos
Gozag
Hepliaklqana
Kikubaaqudgha
Nemelex Xobeh
Okawaru
Qazlal
Ru
Wu Jian
Xom

Shops:
D:3 !   D:4 :

Annotations:
D:4 Pikel


Innate Abilities, Weirdness & Mutations

You are partially covered in sharp spines.
You have an unusually large brain. (Int +2)
Spells you cast may paralyse adjacent enemies.


Message History

* * * LOW HITPOINT WARNING * * *
The lemure hits you.
* * * LOW HITPOINT WARNING * * *
The lemure shouts!
You feel better. Pikel is struck by your spines.
Pikel hits you with a +0 whip of flaming.
* * * LOW HITPOINT WARNING * * *
Pikel burns you.
* * * LOW HITPOINT WARNING * * *
The lemure hits you but does no damage.
You feel better. You block Pikel's attack. The lemure hits you.
* * * LOW HITPOINT WARNING * * *
You aren't carrying any items that you can evoke.
Unknown command.
You feel better.
The lemure is no longer distracted by gold.
The lemure is struck by your spines. The lemure barely misses you.
Pikel says, "You'll feel the lick of my whip!"
Pikel is struck by your spines.
Pikel hits you with a +0 whip of flaming.
Pikel burns you. The lemure is struck by your spines. The lemure hits you.
* * * LOW HITPOINT WARNING * * *
You closely miss Pikel.
Pikel is heavily wounded.
You barely miss the lemure. You closely miss the lemure. The lemure hits you.
* * * LOW HITPOINT WARNING * * *
Pikel hits you but does no damage. The lemure is struck by your spines.
The lemure hits you but does no damage.
You barely miss Pikel.
Pikel is heavily wounded.
You hit the lemure but do no damage. You slash the lemure!
The lemure is struck by your spines. The lemure hits you!
* * * LOW HITPOINT WARNING * * *
Pikel hits you with a +0 whip of flaming.
* * * LOW HITPOINT WARNING * * *
Pikel burns you.
* * * LOW HITPOINT WARNING * * *
The lemure is struck by your spines. The lemure closely misses you.
You feel better. The lemure is struck by your spines.
The lemure barely misses you. You block Pikel's attack.
The lemure is struck by your spines.
You kill the lemure!
That felt strangely unrewarding.
You closely miss Pikel.
Pikel is heavily wounded.
You miss the lemure. You hit the lemure but do no damage.
You block the lemure's attack. Pikel hits you but does no damage.
The lemure hits you but does no damage. The lemure is struck by your spines.
The lemure hits you but does no damage. Pikel hits you but does no damage.
You block the lemure's attack.
You feel better. You block the lemure's attack.
Pikel says, "Dispater doesn't talk much, but I know they dig me."
Pikel hits you but does no damage. The lemure hits you.
* * * LOW HITPOINT WARNING * * *
You closely miss Pikel.
Pikel is heavily wounded.
You hit the lemure but do no damage. You hit the lemure.
The lemure hits you but does no damage. Pikel hits you but does no damage.
The lemure is struck by your spines. The lemure hits you but does no damage.
You barely miss Pikel.
Pikel is heavily wounded.
You hit the lemure.
You kill the lemure!
That felt strangely unrewarding.
You hit the lemure but do no damage. Pikel is struck by your spines.
Pikel completely misses you. The lemure is struck by your spines.
The lemure barely misses you.
You hit Pikel.
Pikel is heavily wounded.
You hit the lemure but do no damage.
Pikel cracks his whip.
Pikel hits you but does no damage. The lemure hits you but does no damage.
Pikel is struck by your spines. Pikel hits you but does no damage.
The lemure is struck by your spines. The lemure barely misses you.
You closely miss Pikel.
Pikel is heavily wounded.
You barely miss the lemure.
Pikel hits you with a +0 whip of flaming.
* * * LOW HITPOINT WARNING * * *
Pikel burns you.
* * * LOW HITPOINT WARNING * * *
The lemure hits you.
* * * LOW HITPOINT WARNING * * *
You miss Pikel.
Pikel is heavily wounded.
You hit the lemure.
You kill the lemure!
That felt strangely unrewarding.
Pikel hits you with a +0 whip of flaming.
* * * LOW HITPOINT WARNING * * *
Pikel burns you.
* * * LOW HITPOINT WARNING * * *
You barely miss Pikel.
Pikel is heavily wounded.
Pikel is struck by your spines. Pikel hits you but does no damage.
You block Pikel's attack.
You closely miss Pikel.
Pikel is severely wounded.
Pikel hits you with a +0 whip of flaming!
You die...
Your body crumbles into a pile of gold.

♣...♣♣ #.##.#
.....♣♣ #.##.#####
......♣♣
####.##.#...########
.≈~≈...♣
#.......#.#.#......#
≈≈~≈≈..♣♣
####(#..#.#.##.###.#
~~_~~...♣
#..#.#..#.#.##.# #.#
≈≈~≈≈..♣♣
#.....∩...#.##.# #.#
.≈~≈...♣
##...#..###.##.###.#
......♣♣ #....K@##
#....#...# .....♣♣
######## ######.###
♣.)[♣♣ #.# ...[.♣♣
########.# ......♣♣
### ##.....##.#
.≈~≈...♣ #.#
#..#......# ≈≈~≈≈..#
#.# #..#.#.####
~~♣~~..#
#.#######.##.#....#
≈≈~≈≈..#
#..........#.####.#


You could see Pikel.

Vanquished Creatures
  Sigmund (D:3)
  An ogre (D:4)
  3 lemures (D:4)
  3 hounds (D:4)
  An orc priest (D:4)
  An iguana (D:4)
  Jessica (D:3)
  3 orc wizards (D:3)
  3 adders
  A worm (D:2)
  A dart slug (D:4)
  10 orcs
  4 bats
  3 endoplasms
  A giant cockroach (D:4)
  8 goblins
  10 hobgoblins
  2 quokkas
  3 ball pythons
  4 frilled lizards
  5 kobolds
  7 rats
76 creatures vanquished.

Notes
Turn   | Place    | Note
-------+----------+-------------------------------------------
     0 | D:1      | Flugslaktarn the Demonspawn Fighter began the quest for the
                  | Orb.
     0 | D:1      | Reached XP level 1. HP: 18/18 MP: 1/1
   177 | D:1      | Reached skill level 2 in Axes
   305 | D:1      | You fall into a shaft and drop 1 floor!
   311 | D:2      | Gained mutation: You have an unusually large brain. (Int
                  | +2) [demonic ancestry]
   311 | D:2      | Reached XP level 2. HP: 24/24 MP: 2/2
   482 | D:2      | Found a faded altar of an unknown god.
  1185 | D:3      | Gained mutation: You are partially covered in sharp spines.
                  | [demonic ancestry]
  1185 | D:3      | Reached XP level 3. HP: 29/29 MP: 3/3
  1234 | D:3      | Found a shadowy altar of Dithmenos.
  1269 | D:3      | Reached skill level 3 in Axes
  1269 | D:3      | Reached XP level 4. HP: 14/36 MP: 4/4
  1393 | D:3      | Noticed Sigmund
  1407 | D:3      | Killed Sigmund
  1408 | D:3      | Reached skill level 4 in Axes
  1408 | D:3      | Reached XP level 5. HP: 23/42 MP: 5/5
  1408 | D:3      | Gained mutation: Spells you cast may paralyse adjacent
                  | enemies. [demonic ancestry]
  1408 | D:3      | Reached XP level 6. HP: 26/48 MP: 6/6
  1498 | D:3      | Found Ishraduu's Distillery.
  1507 | D:3      | Bought a potion of curing for 42 gold pieces
  1573 | D:3      | Noticed Jessica
  1576 | D:3      | Killed Jessica
  1907 | D:4      | Identified the +5 whip "Moceots" {flame, Int+6}
  2356 | D:4      | Found a staircase to the Ecumenical Temple.
  2639 | Temple   | Entered the Ecumenical Temple
  2714 | Temple   | Became a worshipper of Gozag Ym Sagoz the Greedy
  2834 | D:4      | Reached skill level 5 in Axes
  2834 | D:4      | Reached XP level 7. HP: 16/55 MP: 7/7
  3000 | D:4      | Found Quxued Yrphuf's Book Shop.
  3156 | D:5      | Entered Level 5 of the Dungeon
  3157 | D:5      | Noticed Pikel
  3189 | D:4      | HP: 1/55 [Pikel/+0 whip of flaming (2)]
  3191 | D:4      | Mangled by Pikel

Illustrated notes

Levels and vault maps discovered:
D:1:      dpeg_arrival_rooms_b, layout_basic
D:2:      layout_loops_ring, shapermc_ecumenical_altar_petra
D:3:      layout_basic, grunt_dithmenos_smoke, serial_shops,
          nicolae_shop_advertising_works [nicolae_subvault_shop_adworks],
          minmay_goblin_kobold_house, uniq_sigmund, uniq_jessica
D:4:      layout_basic, elyvilon_altar_3, minmay_temple_entry_slanted,
          serial_shops, shop, minmay_cupped
D:5:      layout_rooms, grunt_temple_overflow_open, uniq_grinder,
          uniq_blork_the_orc, uniq_pikel
Temple:   nicolae_temple_hex_pool

Skill      XL: |  1  2  3  4  5  6 |
---------------+-------------------+-----
Axes           | 2 3 4 5 |  5.2
Armour         | 3 4 |  4.3
Fighting       | 4 |  4.8
Shields        | |  2.6

Action                     |  1- 3 |  4- 6 |  7- 9 || total
---------------------------+-------+-------+-------++-------
  Melee: War axe           |    77 |    69 |    20 ||   166
    Use: Potion            |       |       |     5 ||     5
 Armour: Scale mail        |    11 |       |       ||    11
         Chain mail        |    66 |    35 |    21 ||   122
  Dodge: Dodged            |    32 |    24 |    14 ||    70
  Block: Buckler           |    17 |     9 |    10 ||    36

Table legend: (Time is in decaauts)
 A = Elapsed time spent in this place.
 B = Non-inter-level travel time spent in this place.
 C = Inter-level travel time spent in this place.
 D = Time resting spent in this place.
 E = Time spent auto-exploring this place.
 F = Levels seen in this place.
 G = Mean time per level.
                   A        B        C        D        E       F      G
               +--------+--------+--------+--------+--------+-----+--------+
         Total |   3252 |   3011 |    241 |    133 |   2374 |   6 |  542.0 |
       Dungeon |   3174 |   2935 |    239 |    133 |   2313 |   5 |  634.8 |
        Temple |     78 |     76 |      2 |      0 |     61 |   1 |   78.0 |
               +--------+--------+--------+--------+--------+-----+--------+

Top non-repeatable levels by time:
     D:4: 1245 daAuts
     D:2: 816 daAuts
     D:3: 788 daAuts
     D:1: 314 daAuts
  Temple: 78 daAuts
     D:5: 10 daAuts
